 Dungeon Crawl Stone Soup version 0.23-a0-448-g1c01f63 (webtiles) character file.

21240 tatocazan the Basher (level 12, -5/80 HPs)
             Began as a Gargoyle Fighter on Nov 19, 2018.
             Was a High Priest of Okawaru.
             Succumbed to barbed spike wounds
             ... on level 11 of the Dungeon.
             The game lasted 00:23:50 (11416 turns).

tatocazan the Basher (Gargoyle Fighter)            Turns: 11416, Time: 00:23:51

Health: -5/80      AC: 32    Str: 20    XL:     12   Next: 87%
Magic:  12/12      EV: 12    Int: 10    God:    Okawaru [*****.]
Gold:   647        SH: 12    Dex: 18    Spells: 11/11 levels left

rFire    + . .     SeeInvis .   B - +2 whip (freeze)
rCold    + . .     Gourm    .   c - +0 shield
rNeg     + + .     Faith    +   m - +1 plate armour
rPois    ∞         Spirit   .   (no helmet)
rElec    +         Reflect  .   P - +2 cloak
rCorr    +         Harm     .   q - +0 pair of gloves
MR       .....                  L - +1 pair of boots {run}
Stlth    ..........             v - amulet of faith
HPRegen  0.23/turn              H - +2 ring of slaying
MPRegen  0.13/turn              x - ring of positive energy

@: agile, resistant, barbed spikes, quick
A: negative energy resistance 1, electricity resistance, unbreathing,
petrification resistance, rot immunity, AC +8
a: Heroism, Finesse, Renounce Religion


You were on level 11 of the Dungeon.
You worshipped Okawaru.
Okawaru was extremely pleased with you.
You were not hungry.

You visited 2 branches of the dungeon, and saw 12 of its levels.
You also visited: Ossuary.

You collected 647 gold pieces.

Inventory:

Hand Weapons
 a - a +0 flail
 B - a +2 whip of freezing (weapon)
Armour
 c - a +0 shield (worn)
 m - a +1 plate armour (worn)
 q - a +0 pair of gloves (worn)
 L - a +1 pair of boots of running (worn)
 N - a +0 large shield
 P - a +2 cloak (worn)
Jewellery
 u - a +3 ring of protection
 v - an amulet of faith (around neck)
 x - a ring of positive energy (right hand)
 z - an uncursed ring of protection from magic
 D - an uncursed ring of see invisible
 H - a +2 ring of slaying (left hand)
Wands
 n - a wand of random effects (13)
 F - a wand of flame (108)
 G - a wand of iceblast (2)
 I - a wand of polymorph (4)
 T - a wand of digging (5)
 U - a wand of paralysis (6)
Scrolls
 h - 5 scrolls of remove curse
 i - 8 scrolls of teleportation
 j - 4 scrolls of enchant armour
 o - a scroll of amnesia
 s - 6 scrolls of identify
 w - 2 scrolls of magic mapping
 y - 2 scrolls of enchant weapon
 A - a scroll of random uselessness
 E - 2 scrolls of blinking
Potions
 b - a potion of mutation {unknown}
 e - 4 potions of curing
 g - 4 potions of berserk rage {unknown}
 k - 3 potions of resistance
 l - 3 potions of agility
 r - a potion of haste {unknown}
 t - a potion of cancellation {unknown}
 C - 2 potions of flight {unknown}
 J - 2 potions of invisibility
 M - 2 potions of brilliance {unknown}
 O - 3 potions of degeneration {unknown}
 Q - a potion of lignification {unknown}
Comestibles
 d - 14 chunks of flesh
 f - 24 rations


   Skills:
 + Level 11.4 Fighting
 - Level 13.1 Maces & Flails
 * Level 10.6 Armour
 + Level 3.0 Dodging
 * Level 10.6 Shields


You had 11 spell levels left.
You didn't know any spells.
Your spell library contained the following spells:

 Spells                   Type           Power        Failure   Level  Hunger
 Magic Dart               Conj           #...         100%        1    ##.....
 Shock                    Conj/Air       #...         100%        1    ##.....
 Searing Ray              Conj           #.....       100%        2    ###....
 Swiftness                Chrm/Air       #.......     100%        2    ###....
 Dazzling Spray           Conj/Hex       #.....       100%        3    ####...
 Static Discharge         Conj/Air       #.......     100%        3    ####...
 Airstrike                Air            #.........   100%        4    #####..
 Force Lance              Conj/Tloc      #.......     100%        4    #####..
 Fulminant Prism          Conj/Hex       #.........   100%        4    #####..
 Iskenderun's Mystic Bla  Conj           #.......     100%        4    #####..
 Irradiate                Conj/Tmut      #.........   100%        5    ######.
 Lightning Bolt           Conj/Air       #.........   100%        5    ######.
 Hydra Form               Tmut           #.........   100%        6    #######
 Dragon Form              Tmut           #.........   100%        7    #######
 Statue Form              Tmut/Erth      Unusable     N/A         6    N/A

Dungeon Overview and Level Annotations

Branches:
Dungeon (11/15)            Temple (1/1) D:6            Lair (0/6) D:9
    Orc (0/2) D:11

Altars:
Ashenzari
Cheibriados
Dithmenos
Elyvilon
Fedhas
Gozag
Hepliaklqana
Kikubaaqudgha
Makhleb
Nemelex Xobeh
Okawaru
Qazlal
Ru
Sif Muna
Trog
Uskayaw
Vehumet
Wu Jian
Xom
Yredelemnul
Zin
The Shining One

Shops:
D:8 (

Annotations:
D:11 Psyche


Innate Abilities, Weirdness & Mutations

You are resistant to torment.
Your stone body is resilient. (AC +8)
You are immune to poison.
You resist negative energy. (rN+)
You are resistant to electric shocks. (rElec)
You can survive without breathing.
You are immune to petrification.
You are immune to rotting.


Message History

You block the manticore's attack. x2
You regained 8 hp, and now have 26/80 hp.
You hit the manticore. You freeze the manticore.
The manticore is heavily wounded.
Psyche casts a spell at you. You block the puff of frost.
The manticore barely misses you.
The manticore claws you but does no damage.
You block the manticore's attack.
You hit Psyche.
Psyche is severely wounded.
Psyche hits you but does no damage. Space warps horribly around you!
* * * LOW HITPOINT WARNING * * *
The manticore bites you.
* * * LOW HITPOINT WARNING * * *
The manticore claws you.
* * * LOW HITPOINT WARNING * * *
The manticore closely misses you.
You take 24 damage, and have 2/80 hp.
MASSIVE DAMAGE!!
The barbed spikes dig painfully into your body as you move.
You die...

##.....###..##..##
#.....).))..#.### ##
#........)..##..## .. .
#.......########.##. ..
###.......## ##..##.. ...
..........<# #.### .# ....
##.......#.####.@##.#......
#...÷....... ###.#...##..#
##((.....##.##.@#H## #..##
........### #.####Y####Yh.#
#.#####.#
##.)##YzY.h...####. .. ...
###.###h##.#..... # .##
#.(#####.#.#..# ##
#..........)#
..........%...........
##############.#......
#.#####..


There were no monsters in sight!

Vanquished Creatures
  Josephine (D:10)
  2 two-headed ogres
  A skeletal warrior (D:9)
  Pikel (D:4)
  2 ugly things
  A manticore (D:9)
  A cyclops (D:11)
  A gargoyle (D:10)
  2 trolls
  Grinder (D:3)
  A troll (shapeshifter) (D:9)
  A hornet (D:8)
  2 hippogriffs
  16 yaks
  5 wraiths (D:10)
  2 water moccasins (D:11)
  Duvessa (D:5)
  8 orc warriors
  A porcupine (D:11)
  2 ice beasts (D:9)
  2 sky beasts
  2 black bears
  2 phantoms
  6 ogres
  2 eyes of draining (D:8)
  2 wolves
  A necrophage (D:7)
  10 centaurs
  2 big kobolds
  5 gnoll sergeants
  11 bullfrogs
  Dowan (D:5)
  2 wyvern skeletons (D:9)
  8 scorpions
  6 wights (D:11)
  A howler monkey (D:7)
  5 crimson imps
  3 centaur zombies
  9 hounds
  6 gnoll shamans
  3 orc priests
  Crazy Yiuf (D:2)
  15 orc wizards
  Ijyb (D:5)
  Terence (D:3)
  8 worker ants
  3 iguanas
  2 hound skeletons
  2 mummies (Ossuary)
  36 gnolls
  12 adders
  3 scorpion zombies (Ossuary)
  3 shadow imps
  3 oozes
  3 adder skeletons
  2 worms
  A dart slug (D:1)
  4 leopard geckos
  37 orcs
  3 giant cockroaches
  A gnoll zombie (Ossuary)
  10 goblins
  5 hobgoblins (D:1)
  13 jackals
  14 kobolds
  3 quokkas
  7 bats
  3 frilled lizards
  3 goblin zombies
  3 hobgoblin zombies (Ossuary)
  5 kobold zombies (Ossuary)
  A leopard gecko skeleton (D:8)
  A leopard gecko zombie (D:6)
  3 orc zombies (Ossuary)
  A quokka skeleton (D:5)
  4 rats
358 creatures vanquished.

Vanquished Creatures (others)
  A scorpion (Ossuary)
  A mummy (Ossuary)
  A quokka zombie (D:4)
  16 fungi (D:9)
  11 plants (D:9)
30 creatures vanquished.

Grand Total: 388 creatures vanquished

Notes
Turn   | Place    | Note
-------+----------+-------------------------------------------
     0 | D:1      | tatocazan the Gargoyle Fighter began the quest for the Orb.
     0 | D:1      | Reached XP level 1. HP: 14/14 MP: 1/1
    30 | D:1      | Reached XP level 2. HP: 8/19 MP: 2/2
   621 | D:1      | Reached skill level 3 in Maces & Flails
   621 | D:1      | Reached XP level 3. HP: 23/24 MP: 3/3
  1157 | D:2      | Reached XP level 4. HP: 23/29 MP: 4/4
  1527 | D:2      | Reached skill level 4 in Maces & Flails
  1541 | D:2      | Found a burning altar of Makhleb.
  1581 | D:2      | Found a runed door.
  1904 | D:2      | Noticed Crazy Yiuf
  1917 | D:2      | Killed Crazy Yiuf
  1917 | D:2      | Reached XP level 5. HP: 17/34 MP: 5/5
  2244 | D:3      | Noticed Terence
  2258 | D:3      | Killed Terence
  2426 | D:3      | Reached skill level 5 in Maces & Flails
  2426 | D:3      | Reached XP level 6. HP: 37/40 MP: 6/6
  2728 | D:3      | Noticed Grinder
  2728 | D:3      | Paralysed by Grinder for 7 turns
  2748 | D:3      | Killed Grinder
  2748 | D:3      | Reached skill level 5 in Fighting
  2748 | D:3      | Reached skill level 6 in Maces & Flails
  2748 | D:3      | Reached XP level 7. HP: 40/44 MP: 7/7
  2939 | D:4      | Found a sand-covered staircase.
  2950 | Ossuary  | Entered an ossuary
  3624 | Ossuary  | Reached skill level 7 in Maces & Flails
  3784 | D:4      | Reached XP level 8. HP: 52/52 MP: 8/8
  3851 | D:4      | Noticed Pikel
  3918 | D:4      | Killed Pikel
  3918 | D:4      | Reached skill level 8 in Maces & Flails
  4370 | D:5      | Entered Level 5 of the Dungeon
  4402 | D:4      | Reached skill level 9 in Maces & Flails
  4761 | D:5      | Noticed Ijyb
  4761 | D:5      | Noticed a two-headed ogre
  4778 | D:5      | Killed a two-headed ogre
  4778 | D:5      | Reached skill level 10 in Maces & Flails
  4778 | D:5      | Reached XP level 9. HP: 26/60 MP: 9/9
  4782 | D:5      | Killed Ijyb
  5153 | D:5      | Noticed Duvessa
  5190 | D:5      | Killed Duvessa
  5287 | D:5      | Reached skill level 11 in Maces & Flails
  5653 | D:5      | Noticed Dowan
  5671 | D:5      | Killed Dowan
  5809 | D:5      | Reached XP level 10. HP: 51/66 MP: 10/10
  6286 | D:5      | Reached XP level 11. HP: 71/71 MP: 11/11
  6411 | D:6      | Found a staircase to the Ecumenical Temple.
  6428 | Temple   | Entered the Ecumenical Temple
  7164 | D:7      | Found an iron altar of Okawaru.
  7194 | D:7      | Became a worshipper of Warmaster Okawaru
  7212 | D:7      | Found a hazy altar of Hepliaklqana.
  7276 | D:7      | Found a snail-covered altar of Cheibriados.
  7394 | D:7      | Reached * piety under Okawaru
  7394 | D:7      | Reached skill level 12 in Maces & Flails
  7612 | D:8      | Found a stormy altar of Qazlal.
  7715 | D:8      | Reached skill level 10 in Fighting
  7745 | D:8      | Found Iklotethru's Weapon Emporium.
  8108 | D:8      | Found an opulent altar of Gozag.
  8202 | D:8      | Reached ** piety under Okawaru
  8744 | D:9      | Found a radiant altar of Vehumet.
  8744 | D:9      | Found a white marble altar of Elyvilon.
  8751 | D:9      | Found a glowing golden altar of the Shining One.
  8753 | D:9      | Found a faded altar of an unknown god.
  8755 | D:9      | Found a faded altar of an unknown god.
  8825 | D:9      | Found a shadowy altar of Dithmenos.
  8842 | D:9      | Found a sparkling altar of Nemelex Xobeh.
  8897 | D:9      | Reached *** piety under Okawaru
  8921 | D:9      | Reached skill level 13 in Maces & Flails
  9012 | D:9      | Found a staircase to the Lair.
  9138 | D:9      | Noticed a cyan ugly thing
  9158 | D:9      | Killed a cyan ugly thing
  9184 | D:9      | Reached **** piety under Okawaru
  9206 | D:9      | Reached XP level 12. HP: 71/79 MP: 12/12
  9269 | D:9      | Received a gift from Okawaru
  9269 | D:9      | Reached skill level 1 in Dodging
  9792 | D:10     | Entered Level 10 of the Dungeon
  9905 | D:10     | Noticed Josephine
  9905 | D:10     | Noticed a two-headed ogre
  9930 | D:10     | Killed Josephine
  9930 | D:10     | Reached ***** piety under Okawaru
 10015 | D:10     | Killed a two-headed ogre
 10767 | D:11     | Noticed Psyche
 10795 | D:11     | Reached skill level 10 in Armour
 10802 | D:11     | Reached skill level 10 in Shields
 10929 | D:11     | Found a staircase to the Orcish Mines.
 11052 | D:11     | Received a gift from Okawaru
 11077 | D:11     | Identified a +1 pair of boots of running (Okawaru gifted it
                  | to you on level 11 of the Dungeon)
 11415 | D:11     | HP: 2/80 [manticore (4)]
 11416 | D:11     | Succumbed to barbed spike wounds

Vault maps used:
D:1:      tarquinn_simple_flora_water_e
D:2:      makhleb_blood_cavern_becter, uniq_crazy_yiuf_cottage
D:3:      first_ration, uniq_grinder, uniq_terence
D:4:      minmay_evil_eye, enter_ossuary_3, kennysheep_doodads, uniq_pikel
D:5:      serial_gnoll_camp, gnoll_camp_medium_01, gnoll_camp_medium_02,
          gnoll_camp_mini_house, gnoll_camp_huts_basic,
          gnoll_camp_mini_sergeant, gnoll_camp_mini_hut, roderic_lattice_a,
          minivault_14, uniq_ijyb, uniq_duvessa
D:6:      temple_pool_b
D:7:      kennysheep_little_box, slow_altar_1, lemuel_round_altar
D:8:      minmay_curly_fans, grunt_qazlal_clouds, grunt_gozag_breadcrumbs,
          serial_shops, kennysheep_mini_moat, blue_anna_alchemist
D:9:      minmay_slanted_spiral_squares, kennysheep_mini,
          nemelex_xobeh_ov_fountains_minmay,
          chequers_temple_overflow_minitemple, grunt_lair_entry_orc_guard_hut,
          minmay_diamond_spiral
D:10:     uniq_josephine
D:11:     david_orc_4, grunt_decor_resistance, uniq_psyche
Temple:   bh_familiar_temple
Ossuary:  ossuary_minmay_scorpions

Skill      XL: |  1  2  3  4  5  6  7  8  9 10 11 12 |
---------------+-------------------------------------+-----
Maces & Flails | 3 4 5 6 7 10 11 13 | 13.1
Fighting       | 4 5 6 8 9 10 11 | 11.4
Armour         | 8 10 | 10.6
Shields        | 8 10 | 10.6
Dodging        | 3 |  3.0

Action                   |  1- 3 |  4- 6 |  7- 9 | 10-12 || total
-------------------------+-------+-------+-------+-------++-------
Melee: Flail             |   148 |   142 |   224 |       ||   514
       Whip              |       |       |   410 |  1305 ||  1715
Invok: Heroism           |       |       |       |     6 ||     6
Evoke: Wand              |       |       |       |     4 ||     4
  Use: Potion            |       |     1 |     4 |     9 ||    14
       Scroll            |       |       |     6 |    13 ||    19
  Eat: Chunk             |     1 |     5 |     8 |    19 ||    33
       Ration            |       |       |     1 |       ||     1
Armor: Scale mail        |    80 |       |       |       ||    80
       Plate armour      |    12 |   120 |   435 |   438 ||  1005
Dodge: Dodged            |    49 |    21 |    79 |   141 ||   290
Block: Shield            |    98 |    68 |   325 |   463 ||   954

Table legend:
 A = Non-vault XP
 B = Vault XP
 C = Vault XP percentage of total XP
 D = Non-vault monster count
 E = Vault monster count
 F = Vault count percentage of total count
                 A         B        C        D         E       F
            +---------+---------+-------+---------+---------+-------
      Total |   14361 |   10985 |  43.3 |     225 |     133 |  37.2
            +---------+---------+-------+---------+---------+-------
        D:1 |      62 |       0 |   0.0 |      34 |       0 |   0.0
        D:2 |      49 |      82 |  62.6 |      12 |       2 |  14.3
        D:3 |     106 |     331 |  75.7 |      16 |       2 |  11.1
        D:4 |     165 |     874 |  84.1 |      12 |       7 |  36.8
        D:5 |    1360 |    1484 |  52.2 |      16 |      47 |  74.6
        D:6 |     343 |       0 |   0.0 |      12 |       0 |   0.0
        D:7 |    1757 |       5 |   0.3 |      28 |       1 |   3.4
        D:8 |     901 |    1048 |  53.8 |      12 |       6 |  33.3
        D:9 |    2751 |    3608 |  56.7 |      24 |      22 |  47.8
       D:10 |    2309 |    2138 |  48.1 |      21 |       6 |  22.2
       D:11 |    4558 |     860 |  15.9 |      38 |      14 |  26.9
    Ossuary |       0 |     555 | 100.0 |       0 |      26 | 100.0
            +---------+---------+-------+---------+---------+-------
